 Dungeon Crawl Stone Soup version 0.18-a0-1800-gdc7a371 (webtiles) character file.

192382 aurelian the Devastator (level 18, -5/122 HPs)
             Began as an Octopode Wizard on Apr 24, 2016.
             Was the Champion of Vehumet.
             Slain by an eldritch tentacle (36 damage)
             ... in a wizard's laboratory on Apr 26, 2016.
             The game lasted 04:19:02 (62379 turns).

aurelian the Devastator (Octopode Wizard)          Turns: 62379, Time: 04:19:02

Health: -5/122     AC:  0    Str:  7    XL:     18   Next: 68%
Magic:  19/34      EV: 29    Int: 26    God:    Vehumet [******]
Gold:   257        SH:  0    Dex: 17    Spells: 9 memorised, 4 levels left

rFire  . . .     SeeInvis .     (weapon currently unavailable)
rCold  . . .     Gourm    .     (shield currently unavailable)
rNeg   . . .     Faith    .     (helmet currently unavailable)
rPois  .         Spirit   .     e - amulet of regeneration
rElec  .         Dismiss  .     (ring currently unavailable)
rCorr  .         Reflect  .     (ring currently unavailable)
SustAt .         Harm     .     (ring currently unavailable)
MR     +....                    (ring currently unavailable)
Stlth  ++++++....               (ring currently unavailable)
                                (ring currently unavailable)
                                (ring currently unavailable)
                                (ring currently unavailable)

@: bat-form, flying, studying Translocations, repel missiles, very quick,
somewhat resistant to hostile enchantments, very stealthy
A: almost no armour, (amphibious), (8 rings), (constrict 8), (camouflage 0),
(gelatinous body 0)
a: Renounce Religion


You were in a wizard's laboratory.
You worshipped Vehumet.
Vehumet was exalted by your worship.
You were hungry.
You were in bat-form.
You visited 7 branches of the dungeon, and saw 33 of its levels.
You also visited: Labyrinth, Sewer, Ice Cave and Wizlab.

You collected 2752 gold pieces.
You spent 2495 gold pieces at shops.

Inventory:

Hand Weapons
 a - the +5 war axe "Goblinslayer" (melded) {flame, MP+9 Int+3}
   (You found it on level 4 of the Dungeon)

   It has been specially enchanted to burn those struck by it, causing extra
   injury to most foes and up to half again as much damage against particularly
   susceptible opponents.
   Big, fiery blades are also staple armaments of hydra-hunters.
   It affects your intelligence (+3).
   It affects your magic capacity (+9).
 x - a +0 blowgun
Missiles
 j - 14 curare-tipped needles
Armour
 O - a +2 hat (melded)
 W - a +0 buckler (melded)
Magical Staves
 b - an uncursed staff of conjuration
 Q - an uncursed staff of cold
Rods
 t - a +9 lightning rod (9/9)
   (You found it in a labyrinth)
 S - a +2 lightning rod (9/9)
   (You found it in a labyrinth)
 Z - a +7 rod of shadows (13/13)
   (You found it in a labyrinth)
Jewellery
 c - an uncursed ring of poison resistance
 e - an amulet of regeneration (around neck)
 k - a ring of magical power (melded)
 r - a +4 ring of intelligence (melded)
 s - the ring of Xinul (melded) {*Corrode +Fly rPois rC++ Str+4}
   (You found it in a wizard's laboratory)

   [ring of flight]

   It affects your strength (+4).
   It greatly protects you from cold.
   It protects you from poison.
   It lets you fly.
   It may corrode you when you take damage.
 B - the ring of Qehusad {-Tele rPois rF+ rC+++ Str+2}
   (You acquired it on level 2 of the Shoals)

   [ring of protection from fire]

   It affects your strength (+2).
   It protects you from fire.
   It renders you almost immune to cold.
   It protects you from poison.
   It prevents most forms of teleportation.
 F - a +4 ring of protection (melded)
 M - the ring of Ytiulo {Ice +Blink Str-3 SInv}
   (You bought it in a shop on level 7 of the Dungeon)

   [ring of ice]

   It enhances your ice magic, and weakens your fire magic.
   It affects your strength (-3).
   It makes you vulnerable to fire.
   It protects you from cold.
   It lets you see invisible.
   It lets you blink.
 P - a +2 ring of evasion (melded)
 R - a ring of fire (melded)
 T - an uncursed ring of positive energy
 V - a +4 ring of intelligence (melded)
 X - a ring of see invisible (melded)
Wands
 d - a wand of teleportation (2/9)
 v - a wand of iceblast (1/15)
 z - a wand of disintegration (10/24)
 A - a wand of hasting (3/9)
 D - a wand of digging (13/24)
 Y - a wand of lightning (8/15)
Scrolls
 f - a scroll of fog
 l - 6 scrolls of recharging
 n - 5 scrolls of magic mapping
 y - a scroll of blinking
 C - 8 scrolls of fear
 G - 7 scrolls of teleportation
 K - 14 scrolls of remove curse
 L - 4 scrolls of identify
 U - a scroll of amnesia
Potions
 g - 3 potions of heal wounds
 h - 5 potions of agility
 i - 3 potions of curing
 m - 2 potions of resistance
 u - 6 potions of haste
 E - 7 potions of magic
 H - 3 potions of brilliance
 J - 3 potions of invisibility
Books
 w - a manual of Translocations
Miscellaneous
 q - a phantom mirror
 I - a lamp of fire
 N - a phial of floods
Comestibles
 o - 12 meat rations
 p - 11 bread rations


   Skills:
 + Level 10.3 Fighting
 - Level 8.1 Axes
 - Level 10.0 Dodging
 - Level 13.0 Stealth
 - Level 4.3 Shields
 - Level 12.0 Spellcasting
 * Level 16.4 Conjurations
 - Level 3.1 Summonings
 - Level 2.0 Translocations
 * Level 13.8 Fire Magic
 - Level 9.0 Air Magic
 - Level 1.0 Poison Magic
 - Level 7.0 Evocations


You had 4 spell levels left.
You knew the following spells:

 Your Spells              Type           Power        Failure   Level  Hunger
a - Bolt of Fire          Conj/Fire      #######...   1%          6    #####..
b - Airstrike             Air            ######....   1%          4    None
c - Mephitic Cloud        Conj/Pois/Air  ######..     1%          3    None
d - Summon Lightning Spi  Summ/Air       #####...     3%          4    None
e - Blink                 Tloc           N/A          2%          2    None
f - Fireball              Conj/Fire      #######...   1%          5    ###....
g - Repel Missiles        Chrm/Air       #####.       1%          2    None
h - Lightning Bolt        Conj/Air       ######....   1%          5    ###....
i - Freezing Cloud        Conj/Ice/Air   ######....   4%          6    #####..


Dungeon Overview and Level Annotations

Branches:
Dungeon (15/15)            Temple (1/1) D:5            Lair (8/8) D:9
 Shoals (4/4) Lair:3       Spider (2/4) Lair:5        Slime (0/6) Lair:8
    Orc (2/2) D:10            Elf (1/3) Orc:2        Vaults (0/5) D:13
 Depths (0/5) D:15

Altars:
Ashenzari
Cheibriados
Dithmenos
Elyvilon
Fedhas
Gozag
Kikubaaqudgha
Makhleb
Nemelex Xobeh
Okawaru
Pakellas
Qazlal
Ru
Sif Muna
Trog
Vehumet
Xom
Yredelemnul
Zin
The Shining One

Shops:
D:4 ([[   D:5 [   D:7 *   D:13 [   Orc:1 !:*}[   Orc:2 [   Shoals:2 ?

Annotations:
D:3 smazza's ghost, amateur FoFi
D:8 Demise101's ghost, novice MiNe
Shoals:4 Ilsuiw; Jorgrun; Kirke; Mara
Spider:2 asterion, exclusion: Roxanne, Asterion; Roxanne
Orc:2 Rupert


Innate Abilities, Weirdness & Mutations

You cannot wear most types of armour.
((You are amphibious.))
((You can wear up to eight rings at the same time.))
((You can use your tentacles to constrict eight enemies at once.))
((Your skin changes colour to match your surroundings (Stealth).))
((Your rubbery body absorbs attacks (AC +1).))


Message History

Your ring of fire melds into your body.
Your +2 ring of evasion melds into your body.
The +5 war axe "Goblinslayer" {flame, MP+9 Int+3} stops flaming.
You feel stupid. x2
You feel your magic capacity decrease.
An eldritch tentacle segment comes into view.
The eldritch tentacle misses you.
The eldritch tentacle closely misses you.
The eldritch tentacle slaps you!!
* * * LOW HITPOINT WARNING * * *
You feel your power leaking away.
The eldritch tentacle completely misses you.
You see here a leather armour.
Things that are here:
a potion of curing; a robe
i - 3 potions of curing (gained 1)
You see here a potion of heal wounds.
g - 3 potions of heal wounds (gained 1)
The eldritch tentacle misses you. x3; The eldritch tentacle claws you!!!
You die...

#####...#≈.#≈..####.#.#.#'### #
##..#≈≈...###..8.###.##..##.# #
..##.#.#.##...###.#.≈#.#...#.. ##
....#..8...#.#...#.#...8≈..##..#.
#..#.....######∩########.#.≈###.#
###..#..##.#..###.§#.##..#..## #
#...##..#.©#...#.§§#©.#..#.#.####
##.. #.####..=..§§..####.#..###..
≈#..##..#§§§...[b[....#2#.#.##...
#..#.#.##§.§..#w#[....##.####..=.
###.#.≈.##§.[##*##...##.#.#.#....
.###.8#.©##...._....##.#.8.###...
..#.#.#.##...##..#...##.#...###..
..#.##.##../..#.#..§§§##.##..####
.##.# ..#...[......§§§#.##≈....≈#
###.##.####........§#### #..####≈
##.##.#.#.∩#.§§#...#..#. ###.....


You could see an eldritch tentacle.

Vanquished Creatures
  2 tentacled starspawn (WizLab)
  Gastronok (Lair:3)
  Maud (D:14)
  A deep elf sorcerer (Elf:1)
  Louise (Spider:1)
  The ghost of Arglure the Impaler, a journeyman MfGl of Zin (D:15)
  A fire giant (D:15)
  A frost giant (D:12)
  A reaper (WizLab)
  A deep elf demonologist (Elf:1)
  Nessos (Orc:2)
  A mottled draconian (WizLab)
  A deep elf annihilator (Elf:1)
  A dire elephant (Lair:8)
  Azrael (D:12)
  2 blizzard demons (IceCv)
  A spark wasp (Spider:2)
  Josephine (Orc:1)
  A minotaur (Lab)
  3 merfolk impalers
  An entropy weaver (Spider:1)
  11 hydras
  A catoblepas (Lair:8)
  An alligator snapping turtle (Shoals:1)
  4 merfolk avatars
  2 death knights
  7 centaur warriors
  A satyr (Shoals:2)
  3 merfolk aquamancers
  A deep troll shaman (Lair:8)
  A tengu warrior (D:15)
  8 death yaks
  Sonja (Lair:2)
  6 deep elf knights (Elf:1)
  4 skeletal warriors (D:15)
  6 sea snakes
  5 unseen horrors
  2 wizards
  5 deep elf archers (Elf:1)
  An obsidian statue (WizLab)
  9 hill giants
  9 harpies (Shoals:1)
  8 deep elf magi
  4 wolf spider zombies
  3 oklob plants (Lair:8)
  11 wolf spiders
  6 fauns
  3 orb spiders
  11 griffons
  2 worldbinders (WizLab)
  A mana viper (WizLab)
  17 ugly things
  An orc sorcerer (Orc:2)
  5 cyclopes
  A moth of wrath (Spider:2)
  20 elephants
  12 sirens
  8 manticores
  3 water nymphs
  4 ice statues (IceCv)
  5 black mambas
  3 gargoyles
  An apocalypse crab (WizLab)
  A salamander skeleton (WizLab)
  2 orange demons (WizLab)
  12 spiny frogs
  17 centaur skeletons
  3 rime drakes
  3 freezing wraiths
  13 komodo dragons
  2 tengu conjurers (D:12)
  4 demonic crawlers
  3 kobold demonologists (D:13)
  11 ice devils (IceCv)
  An anaconda simulacrum (IceCv)
  3 trolls
  2 ancient zymes (WizLab)
  14 jumping spiders
  30 merfolk
  A wind drake (shapeshifter) (D:14)
  3 polar bears
  28 blink frogs
  3 two-headed ogres
  3 wind drakes
  3 slime creatures (D:12)
  2 boulder beetles
  A hornet zombie (D:12)
  4 snapping turtles
  2 spriggans
  25 redbacks
  12 tarantellas
  A basilisk (shapeshifter) (D:13)
  6 wraiths
  39 yaks
  3 dire elephant simulacra (IceCv)
  14 water elementals
  5 fire elementals
  A vampire (D:12)
  6 wyverns
  4 basilisks
  2 hungry ghosts
  2 hogs (Shoals:3)
  16 hippogriffs
  An iron troll simulacrum (IceCv)
  A steam dragon (D:12)
  An insubstantial wisp (WizLab)
  A mottled dragon (D:12)
  2 harpy simulacra (IceCv)
  4 spatial vortices (WizLab)
  2 wargs (Orc:1)
  10 porcupines
  18 water moccasins
  29 orc warriors
  3 hydra simulacra (IceCv)
  A putrid demonspawn skeleton (WizLab)
  4 sky beasts
  4 black bears
  3 eyes of draining
  12 ice beasts
  2 wasps
  A necrophage (D:13)
  An ogre (shapeshifter) (D:15)
  A phantom (D:7)
  17 centaurs
  13 ogres
  16 wolves
  A boggart (WizLab)
  20 crocodiles
  2 small abominations (WizLab)
  23 giant frogs
  2 big kobolds
  A giant frog (shapeshifter) (D:14)
  An earth elemental (WizLab)
  A wyvern zombie (D:12)
  2 scorpions
  A raiju skeleton (WizLab)
  16 killer bees
  6 howler monkeys
  7 wights
  2 electric eels
  4 crimson imps
  9 centaur zombies
  8 jellies
  A quasit (D:8)
  6 hounds
  15 orc priests
  A giant frog skeleton (D:13)
  5 iguanas
  28 orc wizards
  5 hell rats (Lair:4)
  16 worker ants
  3 killer bee zombies
  12 sheep
  A hound skeleton (D:8)
  A hound zombie (D:7)
  2 worker ant zombies
  18 adders
  82 river rats
  3 shadow imps
  3 oozes
  An adder zombie (D:6)
  An adder skeleton (D:5)
  6 worms
  2 dart slugs (D:1)
  11 giant geckos
  128 orcs
  14 ball pythons
  10 bats
  A bat zombie (D:8)
  5 giant cockroaches
  7 goblins
  11 hobgoblins
  11 jackals
  12 kobolds
  7 quokkas
  13 giant newts
  33 rats
  2 rat zombies (D:8)
  2 bushes (Lair:8)
  8 fungi
  A lurking horror (WizLab)
  10 plants
1300 creatures vanquished.

Vanquished Creatures (collateral kills)
  An orb spider (Spider:2)
  A wolf spider (Spider:2)
  A spiny frog (Lair:1)
  A demonic crawler (Lair:5)
  2 komodo dragons (Lair:1)
  A redback (Spider:2)
  A basilisk (Lair:1)
  A water moccasin (Lair:1)
  2 wolves (Lair:3)
  A wyvern zombie (D:9)
  A wight (D:9)
  A giant frog zombie (D:9)
  A river rat (Lair:1)
  2 orcs (D:9)
17 creatures vanquished.

Vanquished Creatures (others)
  2 centaur skeletons (D:12)
  A redback (Spider:2)
  A wyvern (D:12)
  2 bushes (Lair:7)
  5432 eldritch tentacle segments (WizLab)
  25 fungi
  13 plants
  3 starspawn tentacles (WizLab)
  42 starspawn tentacle segments (WizLab)
5521 creatures vanquished.

Grand Total: 6838 creatures vanquished

Notes
Turn   | Place    | Note
--------------------------------------------------------------
     0 | D:1      | aurelian the Octopode Wizard began the quest for the Orb.
     0 | D:1      | Reached XP level 1. HP: 11/11 MP: 4/4
   780 | D:1      | Reached XP level 2. HP: 17/17 MP: 3/6
   983 | D:1      | Reached skill level 2 in Conjurations
  1446 | D:1      | Reached XP level 3. HP: 19/21 MP: 4/7
  1855 | D:2      | Reached skill level 3 in Conjurations
  2762 | D:2      | Reached XP level 4. HP: 27/27 MP: 4/8
  2800 | D:2      | Learned a level 2 spell: Blink
  2804 | D:2      | Learned a level 3 spell: Mephitic Cloud
  3568 | D:3      | Noticed smazza's ghost (amateur FoFi)
  3976 | D:3      | Found a shadowy altar of Dithmenos.
  4099 | D:3      | Reached skill level 4 in Conjurations
  4137 | D:3      | Reached XP level 5. HP: 31/31 MP: 6/9
  4679 | D:4      | Found Kelior's Armour Shop.
  4891 | D:4      | Found Yraogatu's Armour Shoppe.
  4903 | D:4      | Reached skill level 1 in Air Magic
  5132 | D:2      | Reached skill level 1 in Poison Magic
  5393 | D:4      | Reached skill level 5 in Stealth
  5461 | D:4      | Noticed an ogre
  5606 | D:4      | Found a white marble altar of Elyvilon.
  5615 | D:4      | Found Echo's Antique Weapon Shop.
  5638 | D:4      | Reached XP level 6. HP: 36/36 MP: 2/10
  5814 | D:4      | Found a stormy altar of Qazlal.
  6205 | D:4      | Got an encrusted war axe
  6331 | D:4      | Bought an iridescent falchion for 184 gold pieces
  6357 | D:5      | Entered Level 5 of the Dungeon
  6362 | D:5      | Identified the +3 falchion "Jeopp" {drain, rF+ MP+9 Dex-4} (You bought it in a shop on level 4 of the Dungeon)
  6366 | D:5      | Found a staircase to the Ecumenical Temple.
  6445 | Temple   | Entered the Ecumenical Temple
  6542 | Temple   | Became a worshipper of Vehumet
  6767 | D:5      | Identified the +5 war axe "Goblinslayer" {flame, MP+9 Int+3} (You found it on level 4 of the Dungeon)
  6880 | D:5      | Reached skill level 1 in Fighting
  7035 | D:4      | Reached XP level 7. HP: 44/45 MP: 11/11
  7275 | D:5      | Reached skill level 5 in Conjurations
  7637 | D:5      | Found Varec's Armour Shop.
  7744 | D:5      | Found an iron altar of Okawaru.
  8166 | D:6      | Reached * piety under Vehumet
  8166 | D:6      | Offered knowledge of Flame Tongue by Vehumet.
  8166 | D:6      | Reached XP level 8. HP: 20/50 MP: 11/12
  8274 | D:6      | Reached skill level 6 in Conjurations
  8381 | D:6      | Found a glowing drain.
  8414 | Sewer    | Entered a sewer
  9294 | Sewer    | Reached skill level 5 in Dodging
  9353 | Sewer    | Reached ** piety under Vehumet
  9683 | D:5      | Learned a level 2 spell: Call Imp
  9723 | D:6      | Offered knowledge of Shock by Vehumet.
  9723 | D:6      | Reached skill level 7 in Conjurations
  9901 | D:6      | Found a stormy altar of Qazlal.
  9903 | D:6      | Found a basalt altar of Yredelemnul.
  9903 | D:6      | Found a shimmering altar of Xom.
  9907 | D:6      | Found an opulent altar of Gozag.
 10498 | D:7      | Reached XP level 9. HP: 48/54 MP: 13/13
 10567 | D:7      | Found Apryathrar's Assorted Antiques.
 10575 | D:7      | Bought a scroll labeled BIURAY RUREU for 22 gold pieces
 10575 | D:7      | Bought a heavily runed amber ring for 110 gold pieces
 10576 | D:7      | Identified the ring of Ytiulo {Ice +Blink Str-3 SInv} (You bought it in a shop on level 7 of the Dungeon)
 11740 | D:8      | Reached skill level 8 in Conjurations
 11941 | D:8      | Noticed Demise101's ghost (novice MiNe)
 12480 | D:8      | Found an ancient bone altar of Kikubaaqudgha.
 13086 | D:9      | Found a bloodstained altar of Trog.
 13102 | D:9      | Offered knowledge of Dazzling Spray by Vehumet.
 13274 | D:9      | Reached skill level 5 in Fighting
 13614 | D:9      | Reached *** piety under Vehumet
 13626 | D:9      | Reached skill level 10 in Stealth
 13626 | D:9      | Reached XP level 10. HP: 66/66 MP: 11/14
 13646 | D:8      | Reached skill level 9 in Conjurations
 14328 | D:10     | Entered Level 10 of the Dungeon
 14488 | D:9      | Offered knowledge of Airstrike by Vehumet.
 14789 | D:8      | Learned a level 4 spell: Airstrike
 14819 | D:9      | Reached skill level 10 in Conjurations
 14886 | D:9      | Reached skill level 5 in Spellcasting
 15240 | D:9      | Found a staircase to the Lair.
 15770 | Lair:1   | Entered Level 1 of the Lair of Beasts
 15861 | Lair:1   | Reached **** piety under Vehumet
 15870 | Lair:1   | Got a steaming battleaxe
 15974 | Lair:1   | Noticed a spiny frog
 15994 | Lair:1   | Killed a spiny frog
 16143 | Lair:1   | Reached skill level 5 in Air Magic
 16186 | Lair:1   | Noticed a spiny frog
 16210 | Lair:1   | Killed a spiny frog
 16210 | Lair:1   | Reached XP level 11. HP: 18/71 MP: 14/20
 16819 | Lair:1   | Reached skill level 1 in Axes
 17415 | Lair:1   | Offered knowledge of Fulminant Prism by Vehumet.
 17593 | Lair:1   | Reached skill level 1 in Evocations
 18212 | Lair:2   | Noticed Sonja
 18235 | Lair:2   | Killed Sonja
 18243 | Lair:2   | Reached skill level 5 in Axes
 20121 | Lair:3   | Noticed Gastronok
 20385 | Lair:3   | Noticed a seven-headed hydra
 20469 | Lair:3   | Reached XP level 12. HP: 64/77 MP: 21/21
 20536 | Lair:3   | Killed a seven-headed hydra
 20625 | Lair:3   | Killed Gastronok
 21014 | Lair:3   | Reached skill level 11 in Conjurations
 21487 | Lair:3   | Noticed a four-headed hydra
 21496 | Lair:3   | Killed a four-headed hydra
 21639 | Lair:3   | Found a staircase to the Shoals.
 22973 | Lair:4   | Reached skill level 12 in Conjurations
 23031 | Lair:4   | Identified a +0 rod of shadows (12/12) (You found it on level 4 of the Lair of Beasts)
 23033 | Lair:4   | Noticed a five-headed hydra
 23064 | Lair:4   | Killed a five-headed hydra
 23322 | Lair:4   | Noticed a four-headed hydra
 23332 | Lair:4   | Killed a four-headed hydra
 23643 | Lair:4   | Got a slimy flail
 23886 | Lair:4   | Reached XP level 13. HP: 81/81 MP: 18/22
 24557 | Lair:5   | Found a hole to the Spider Nest.
 24563 | Lair:5   | Reached skill level 5 in Evocations
 24947 | Lair:5   | Reached ***** piety under Vehumet
 25074 | Lair:5   | Offered knowledge of Ozocubu's Refrigeration by Vehumet.
 26893 | Lair:6   | Reached skill level 1 in Shields
 27506 | D:10     | Learned a level 5 spell: Fireball
 27509 | D:10     | Learned a level 2 spell: Repel Missiles
 27516 | D:10     | Learned a level 5 spell: Lightning Bolt
 27564 | D:10     | Found a shadowy altar of Dithmenos.
 28048 | D:10     | Found a staircase to the Orcish Mines.
 28083 | D:10     | Offered knowledge of Throw Icicle by Vehumet.
 28982 | Orc:1    | Entered Level 1 of the Orcish Mines
 28982 | Orc:1    | Found Zugocom's Distillery.
 28983 | Orc:1    | Found Fysir's Book Shoppe.
 28989 | Orc:1    | Bought a potion of invisibility for 120 gold pieces
 28989 | Orc:1    | Bought a potion of degeneration for 15 gold pieces
 28998 | Orc:1    | Found Exkogami's Assorted Antiques.
 29359 | Orc:1    | Found Agirut's Antique Armour Boutique.
 29368 | Orc:1    | Bought a scroll labeled FIPYM HEOGETUF for 24 gold pieces
 29368 | Orc:1    | Bought a sharpened silver wand for 96 gold pieces
 29452 | Orc:2    | Entered Level 2 of the Orcish Mines
 29694 | Orc:2    | Found Qourph's Antique Armour Boutique.
 29705 | Orc:2    | Noticed Nessos
 29751 | Orc:2    | Found a staircase to the Elven Halls.
 29787 | Orc:2    | Noticed Rupert
 29860 | Orc:1    | Noticed Josephine
 29862 | Orc:1    | Killed Josephine
 30649 | Orc:2    | Killed Nessos
 31358 | Orc:2    | Paralysed by Rupert for 3 turns
 31576 | Orc:1    | Found Tyaf's Gadget Shop.
 31581 | Orc:1    | Offered knowledge of Bolt of Fire by Vehumet.
 31969 | Orc:1    | Bought a wand of hasting (4/9) for 624 gold pieces
 31969 | Orc:1    | Bought a phial of floods for 520 gold pieces
 32146 | D:11     | Found a labyrinth entrance.
 32161 | Lab      | Entered a labyrinth
 32575 | Lab      | Noticed a minotaur
 32583 | Lab      | Killed a minotaur
 32692 | Lab      | Identified a +7 rod of shadows (13/13) (You found it in a labyrinth)
 33008 | D:11     | Reached skill level 1 in Fire Magic
 33230 | D:11     | Reached XP level 14. HP: 71/88 MP: 8/26
 35080 | D:12     | Learned a level 6 spell: Bolt of Fire
 35879 | D:12     | Noticed Azrael
 36220 | Lair:7   | Offered knowledge of Bolt of Draining by Vehumet.
 36594 | Lair:7   | Reached skill level 5 in Fire Magic
 38514 | Lair:7   | Reached skill level 10 in Spellcasting
 39097 | Lair:8   | Entered Level 8 of the Lair of Beasts
 39315 | Lair:8   | Found a staircase to the Slime Pits.
 40148 | Lair:8   | Reached XP level 15. HP: 92/92 MP: 10/30
 41479 | Lair:8   | Identified a +1 rod of shadows (14/14) (You found it on level 8 of the Lair of Beasts)
 43336 | D:12     | Offered knowledge of Freezing Cloud by Vehumet.
 43974 | D:12     | Noticed a bone dragon
 44144 | D:13     | Found a gate to the Vaults.
 44238 | D:14     | Noticed Maud
 44319 | D:13     | Found Atariy's Armour Shoppe.
 44519 | D:13     | Learned a level 6 spell: Freezing Cloud
 45284 | D:13     | Learned a level 4 spell: Summon Lightning Spire
 45892 | D:14     | Killed Maud
 46151 | D:14     | Got a polished broad axe
 46152 | D:14     | Identified the cursed +1 broad axe of Mourning {distort, rElec Dex+2 Stlth+} (You found it on level 14 of the Dungeon)
 46286 | D:14     | Reached XP level 16. HP: 77/99 MP: 7/32
 47062 | D:15     | Entered Level 15 of the Dungeon
 47066 | D:15     | Noticed Arglure's ghost (journeyman MfGl)
 47066 | D:15     | Offered knowledge of Poisonous Cloud by Vehumet.
 47074 | D:14     | Reached skill level 13 in Conjurations
 48043 | Spider:1 | Entered Level 1 of the Spider Nest
 48778 | Spider:1 | Noticed Louise
 48782 | Spider:1 | Killed Louise
 49683 | Spider:1 | Reached skill level 10 in Dodging
 49964 | Spider:2 | Noticed Roxanne
 49978 | Spider:2 | Reached skill level 10 in Fire Magic
 50037 | Spider:2 | Noticed Asterion
 50566 | Spider:1 | Reached ****** piety under Vehumet
 50757 | Shoals:1 | Entered Level 1 of the Shoals
 50931 | Shoals:2 | Offered knowledge of Spellforged Servitor by Vehumet.
 52089 | Shoals:1 | Reached skill level 14 in Conjurations
 52186 | Shoals:1 | Reached XP level 17. HP: 108/108 MP: 29/33
 53810 | Shoals:2 | Found Quyffech's Magic Scroll Shoppe.
 53825 | Shoals:2 | Bought a scroll of acquirement for 780 gold pieces
 53830 | Shoals:2 | Got a scorched ivory ring
 53832 | Shoals:2 | Identified the ring of Qehusad {-Tele rPois rF+ rC+++ Str+2} (You acquired it on level 2 of the Shoals)
 55137 | Shoals:3 | Found a frozen archway.
 55140 | Shoals:3 | Offered knowledge of Fire Storm by Vehumet.
 55140 | Shoals:3 | Offered knowledge of Glaciate by Vehumet.
 55140 | Shoals:3 | Offered knowledge of Chain Lightning by Vehumet.
 55164 | IceCv    | Entered an ice cave
 55593 | IceCv    | Reached skill level 15 in Conjurations
 57093 | Shoals:4 | Entered Level 4 of the Shoals
 57093 | Shoals:4 | Noticed Ilsuiw
 57093 | Shoals:4 | Noticed Jorgrun
 57106 | Shoals:4 | Noticed Kirke
 57108 | Shoals:4 | Noticed Mara
 57549 | D:12     | Killed Azrael
 59034 | D:15     | Reached XP level 18. HP: 119/119 MP: 32/34
 59206 | D:15     | Found a staircase to the Depths.
 59753 | D:15     | Killed Arglure's ghost
 60500 | Elf:1    | Entered Level 1 of the Elven Halls
 60667 | Elf:1    | Reached skill level 10 in Fighting
 60809 | Elf:1    | Reached skill level 16 in Conjurations
 60937 | Elf:1    | Found a magical portal.
 60942 | WizLab   | Entered The Roulette of Golubria
 60944 | WizLab   | Found a corrupted altar of Lugonu.
 61525 | WizLab   | Found a corrupted altar of Lugonu.
 61710 | WizLab   | Got a coiled bronze ring
 61711 | WizLab   | Identified the ring of Xinul {*Corrode +Fly rPois rC++ Str+4} (You found it in a wizard's laboratory)
 61810 | WizLab   | Paralysed by you for 5 turns
 62379 | WizLab   | Slain by an eldritch tentacle

Vault maps used:
D:1:      tarquinn_simple_flora_water_e
D:2:      serial_forest, infiniplex_forest_corner_1, infiniplex_forest_clump_C,
          infiniplex_forest_lined_room_2, infiniplex_forest_lined_2,
          infiniplex_forest_lined_room_2, infiniplex_forest_clump_double
D:3:      lemuel_crystal_altar
D:4:      elyvilon_altar_5, serial_shops, nicolae_shop_stone,
          nicolae_shop_stone, nicolae_shop_statue_plus,
          nicolae_qazlal_general_emergency
D:5:      minmay_temple_entry_junction, first_bread, serial_shops,
          nicolae_shop_trees, okawaru_trees_2
D:6:      minitemple, lightli_sewer_entry_pipes, serial_bayou_crossing
D:7:      serial_shops, nicolae_shop_trees, zaba_anthole
D:8:      lemuel_zombie_altar_kikubaaqudgha
D:9:      lemuel_crystal_altar, lair_0_dummy, enter_bailey_2
D:10:     hiddenorc2_lemuel, hangedman_fish_farm, nicolae_dithmenos_the_darkroom
D:11:     lab_entry_generic
D:12:     minmay_guarded_unrand_zonguldrok, uniq_azrael
D:13:     minmay_weird_star, serial_shops, shop, special_room
D:14:     infiniplex_staircase_pool_2, uniq_maud
D:15:     grunt_enter_depths_giant_problem
Temple:   circular_temple_12
Lair:1:   beast_lair_carwin_7
Lair:2:   uniq_sonja
Lair:3:   shoals_dummy_entry, patterned_corridor, serial_bayou_shore_a,
          uniq_gastronok
Lair:4:   beast_lair_carwin_1
Lair:5:   spider_nest_entry_rubble
Lair:6:   wad_woods_03, grunt_megastairs_4
Lair:7:   grunt_forest_large_clearing_hut
Lair:8:   grunt_lair_end_beastmaster, minmay_slime_entry_oklob_open,
          small_statue_intersection, serial_bayou_pond_d
Shoals:1: cheibrodos_shoals_roost
Shoals:2: serial_shops, shop
Shoals:3: portal_ice_cave_entry_ice_beasts
Shoals:4: shoals_end_grunt_garden, shoals_ilsuiw_ice, uniq_polyphemus,
          uniq_jorgrun, uniq_kirke, uniq_mara
Spider:1: uniq_louise
Spider:2: uniq_asterion, uniq_roxanne
Orc:1:    serial_shops, shop, shop, shop, shop, nicolae_shop_trees,
          uniq_josephine
Orc:2:    grunt_orc_tribal_feast, serial_shops, nicolae_shop_overgrown_old_shop,
          lightli_orcish_oven, uniq_nessos, uniq_rupert
Elf:1:    nicolae_trove_entry_crystal, mu_enter_wizlab_4, serial_shops, shop,
          shop, minmay_elf_necromancy, hangedman_elf_represent
Lab:      nicolae_lab_dead_end, nicolae_lab_t_cross, nicolae_lab_arrow,
          nicolae_lab_lava, nicolae_lab_stuck
Sewer:    sewer_minmay_w
IceCv:    ice_cave_tombish
WizLab:   wizlab_golubria

Skill      XL: |  1  2  3  4  5  6  7  8  9 10 11 12 13 14 15 16 17 18 |
---------------+-------------------------------------------------------+-----
Stealth        | 3 4 5 7 10 11 13 | 13.0
Conjurations   | 2 3 4 5 7 8 10 12 14 15 16 | 16.4
Air Magic      | 2 3 5 6 7 9 |  9.0
Poison Magic   | 1 |  1.0
Fighting       | 2 5 6 7 9 10 | 10.3
Dodging        | 4 5 8 9 10 | 10.0
Summonings     | 2 3 |  3.1
Spellcasting   | 6 8 11 12 | 12.0
Axes           | 7 8 |  8.1
Translocations | 2 |  2.0
Evocations     | 3 4 7 |  7.0
Shields        | 4 |  4.3
Fire Magic     | 2 5 8 10 12 13 | 13.8

Action                   |  1- 3 |  4- 6 |  7- 9 | 10-12 | 13-15 | 16-18 || total
-------------------------+-------+-------+-------+-------+-------+-------++-------
Melee: Dagger            |    16 |    13 |       |       |       |       ||    29
       Constrict         |     3 |     4 |    13 |    42 |    49 |     8 ||   119
       Tentacles         |     1 |     2 |    10 |    52 |    52 |     5 ||   122
       Falchion          |       |    16 |       |       |       |       ||    16
       War axe           |       |     8 |    67 |   304 |   316 |    41 ||   736
       Staff             |       |       |       |       |     3 |       ||     3
 Cast: Magic Dart        |   126 |   182 |   411 |   427 |    41 |       ||  1187
       Mephitic Cloud    |       |     9 |    52 |    96 |    41 |     1 ||   199
       Call Imp          |       |       |     8 |    69 |     2 |       ||    79
       Blink             |       |       |     1 |    23 |    11 |    23 ||    58
       Airstrike         |       |       |       |   103 |   371 |   159 ||   633
       Fireball          |       |       |       |       |   309 |   535 ||   844
       Lightning Bolt    |       |       |       |       |    27 |    41 ||    68
       Repel Missiles    |       |       |       |       |     3 |     3 ||     6
       Summon Lightning  |       |       |       |       |       |    14 ||    14
       Freezing Cloud    |       |       |       |       |       |     6 ||     6
Evoke: Wand              |       |       |       |    13 |     3 |     3 ||    19
       Rod               |       |       |       |     2 |       |     4 ||     6
  Use: Scroll            |       |     9 |     7 |     8 |    18 |     8 ||    50
       Potion            |       |     2 |     3 |       |     6 |     5 ||    16
 Stab: Sleeping          |       |     1 |     3 |     6 |     3 |     1 ||    14
       Confused          |       |     1 |     2 |    18 |    10 |       ||    31
       Distracted        |       |       |       |     2 |     1 |       ||     3
  Eat: Chunk             |     6 |    13 |    20 |    32 |    51 |    22 ||   144
       Pizza             |       |       |     1 |     1 |     1 |     4 ||     7
       Fruit             |       |       |     2 |     3 |     4 |       ||     9
       Beef jerky        |       |       |     1 |       |     4 |     1 ||     6
       Bread ration      |       |       |       |       |     5 |     4 ||     9
       Royal jelly       |       |       |       |       |     2 |     1 ||     3
       Meat ration       |       |       |       |       |     2 |       ||     2
Armor: Skin              |     9 |     5 |     9 |    32 |    29 |    34 ||   118
Dodge: Dodged            |    23 |    22 |   105 |   169 |   216 |   146 ||   681
       Deflected         |       |       |       |       |    14 |    13 ||    27
Block: Buckler           |       |       |       |       |    49 |    44 ||    93
